 Dungeon Crawl Stone Soup version 0.30-a0-723-gc1506a1cf0 (webtiles) character file.

Game seed: 13031189472765706973

1194 Darius099 the Grappler (level 8, -9/74 HPs)
             Began as a Troll Monk on Jan 28, 2023.
             Mangled by an orc warrior
             ... wielding a +0 battleaxe
              (11 damage)
             ... on level 6 of the Dungeon.
             The game lasted 00:09:52 (3987 turns).

Darius099 the Grappler (Troll Monk)                 Turns: 3987, Time: 00:09:52

Health: -9/74      AC:  5    Str: 20    XL:     8   Next: 20%
Magic:  7/7        EV: 10    Int:  6    God:
Gold:   379        SH:  0    Dex: 14    Spells: 7/7 levels left

rFire   . . .      SeeInvis .      - Unarmed
rCold   . . .      Faith    .    (no shield)
rNeg    . . .      Spirit   .    a - +0 robe
rPois   .          Reflect  .    (helmet restricted)
rElec   .          Harm     .    j - +0 cloak
rCorr   .          Rampage  .    (gloves unavailable)
Will    .....                    (boots unavailable)
Stlth   ++                       (no amulet)
HPRegen 1.12/turn                (no ring)
MPRegen 0.10/turn                (no ring)

@: no status effects
A: large, unfitting armour, claws 3, regeneration 1, shaggy fur 1, tough skin 1
a: no special abilities


You were on level 6 of the Dungeon.
You visited 2 branches of the dungeon, and saw 7 of its levels.

You collected 379 gold pieces.

Inventory:

Hand Weapons
 v - the +10 mace of the End {heavy, rCorr Str+5 Int-3 Dex+2}
   (You found it on level 4 of the Dungeon)

   Str:       It affects your strength (+5).
   Int:       It affects your intelligence (-3).
   Dex:       It affects your dexterity (+2).
   rCorr:     It protects you from acid and corrosion.
Armour
 a - a +0 robe (worn)
 j - a +0 cloak (worn)
Jewellery
 w - an amulet of magic regeneration
 y - a +6 ring of strength
Wands
 t - a wand of roots (6)
 z - a wand of paralysis (17)
Scrolls
 c - a scroll of identify
 f - a scroll of magic mapping {unknown}
 g - a scroll of vulnerability {unknown}
 k - 2 scrolls of amnesia
 n - a scroll of poison {unknown}
 o - 2 scrolls of brand weapon {unknown}
 p - 3 scrolls of noise {unknown}
 q - a scroll of blinking {unknown}
 r - a scroll of fog {unknown}
 x - a scroll of teleportation {unknown}
 A - a scroll of fear {unknown}
Potions
 b - 2 potions of ambrosia
 d - a potion of berserk rage {unknown}
 e - 4 potions of heal wounds
 h - 4 potions of curing
 i - 3 potions of brilliance
 l - 2 potions of haste {unknown}
 m - a potion of lignification {unknown}
 s - 4 potions of attraction {unknown}
 u - 2 potions of degeneration {unknown}
 B - a potion of flight {unknown}


   Skills:
 - Level 2.4 Fighting
 - Level 2.4 Dodging
 - Level 1.0 Stealth
 + Level 10.3 Unarmed Combat


You had 7 spell levels left.
You didn't know any spells.
Your spell library contained the following spells:

 Spells                   Type           Power      Damage    Failure   Level
 Sandblast                Erth           0%         2d4       45%         1
 Cigotuvi's Dreadful Rot  Necr/Pois/Air  0%         N/A       58%         2
 Passwall                 Tmut/Erth      0%         N/A       58%         2
 Portal Projectile        Hex/Tloc       0%         N/A       83%         3
 Stone Arrow              Conj/Erth      0%         3d7       83%         3
 Tukima's Dance           Hex            0%         N/A       83%         3
 Dispel Undead            Necr           0%         3d6       99%         4
 Blade Hands              Tmut           0%         N/A       100%        5
 Death Channel            Necr           0%         N/A       100%        6


Dungeon Overview and Level Annotations

Branches:
Dungeon (6/15)             Temple (1/1) D:4

Altars:
Ashenzari
Cheibriados
Dithmenos
Fedhas
Gozag
Kikubaaqudgha
Makhleb
Qazlal
Ru
Trog
Uskayaw
Xom
Yredelemnul

Shops:
D:2 [


Innate Abilities, Weirdness & Mutations

You are too large for most types of armour.
You have claws for hands.
Your natural rate of healing is unusually fast.
You are covered in fur. (AC +1)
You have tough skin. (AC +1)


Message History

You scratch the orc. Your claw misses the orc.
The orc is heavily wounded.
The orc barely misses you.
You scratch the orc.
The orc is severely wounded.
The orc hits you with a +0 mace.
* * * LOW HITPOINT WARNING * * *
You scratch the orc. Your claw misses the orc.
The orc is almost dead.
The orc hits you with a +0 mace.
* * * LOW HITPOINT WARNING * * *
You mangle the orc!!
You kill the orc!
You feel much better. The orc barely misses you.
You closely miss the orc. You claw the orc!
You kill the orc!
You scratch the orc warrior.
The orc warrior is lightly wounded.
The orc warrior hits you with a +0 battleaxe!
* * * LOW HITPOINT WARNING * * *
You closely miss the orc warrior.
The orc warrior is lightly wounded.
The orc warrior hits you but does no damage.
You claw the orc warrior!
The orc warrior is heavily wounded.
The orc warrior hits you with a +0 battleaxe!
* * * LOW HITPOINT WARNING * * *
You scratch the orc warrior.
The orc warrior is severely wounded.
You scratch the orc warrior but do no damage.
Your claw misses the orc warrior.
The orc warrior is severely wounded.
The orc warrior hits you with a +0 battleaxe!
* * * LOW HITPOINT WARNING * * *
You scratch the orc warrior but do no damage.
Your claw misses the orc warrior.
The orc warrior is severely wounded.
The orc warrior hits you with a +0 battleaxe!
You die...

.....≈ ##### ..
....≈ #.!.#≈≈..#
#...≈ #...#≈≈..
#...≈ #...#≈≈.#
##..#≈ ##o###≈.#
##....≈##≈@≈##≈.##
......≈≈≈≈.≈≈≈≈..###
###.....#.......##.
##..###..<.......
#..##.........##
#))##..).....##
#).##..).....#
#..#.......).#
#............#


You could see an orc warrior.

Vanquished Creatures
  Sigmund (D:3)
  Duvessa (D:4)
  A black bear (D:4)
  2 ogres
  A scorpion (D:5)
  3 wights (D:6)
  Dowan (D:4)
  An electric eel (D:6)
  2 jellies
  An orc priest (D:6)
  Jessica (D:2)
  An iguana (D:5)
  An orc wizard (D:6)
  Terence (D:2)
  4 gnolls (D:4)
  4 adders
  An ufetubus (D:5)
  2 worms
  3 dart slugs
  5 orcs
  5 ball pythons
  10 endoplasms
  4 giant cockroaches
  8 goblins
  3 hobgoblins
  6 jackals (D:1)
  7 quokkas
  7 bats
  3 frilled lizards
  6 kobolds
  3 rats
99 creatures vanquished.

Notes
Turn   | Place    | Note
-------+----------+-------------------------------------------
     0 | D:1      | Darius099 the Troll Monk began the quest for the Orb.
     0 | D:1      | Reached XP level 1. HP: 22/22 MP: 0/0
   172 | D:1      | Reached XP level 2. HP: 29/29 MP: 1/1
   393 | D:1      | Reached skill level 4 in Unarmed Combat
   564 | D:1      | Reached XP level 3. HP: 34/36 MP: 2/2
  1261 | D:2      | Noticed Terence
  1270 | D:2      | Killed Terence
  1271 | D:2      | Reached skill level 5 in Unarmed Combat
  1271 | D:2      | Reached XP level 4. HP: 40/44 MP: 3/3
  1525 | D:2      | Noticed Jessica
  1528 | D:2      | Found Belazxa's Antique Armour Shop.
  1537 | D:2      | Killed Jessica
  1760 | D:3      | Noticed Sigmund
  1771 | D:3      | Killed Sigmund
  1772 | D:3      | Reached skill level 6 in Unarmed Combat
  1772 | D:3      | Reached XP level 5. HP: 35/50 MP: 4/4
  1772 | D:3      | Reached XP level 6. HP: 41/59 MP: 5/5
  2133 | D:3      | Found an ancient bone altar of Kikubaaqudgha.
  2336 | D:4      | Reached skill level 7 in Unarmed Combat
  2372 | D:4      | Noticed Dowan
  2373 | D:4      | Noticed Duvessa
  2380 | D:4      | Killed Duvessa
  2387 | D:4      | Killed Dowan
  2410 | D:4      | Identified the +10 mace of the End {heavy, rCorr Str+5
                  | Int-3 Dex+2}
  2485 | D:4      | Reached skill level 8 in Unarmed Combat
  2485 | D:4      | Reached XP level 7. HP: 59/66 MP: 6/6
  2714 | D:4      | Found a staircase to the Ecumenical Temple.
  2753 | Temple   | Entered the Ecumenical Temple
  2953 | D:5      | Entered Level 5 of the Dungeon
  2995 | D:5      | Reached skill level 9 in Unarmed Combat
  3779 | D:5      | Upgraded the game from 0.30-a0-722-g3e6e8c874d to
                  | 0.30-a0-723-gc1506a1cf0
  3831 | D:5      | Identified the +0 pair of boots of Yrhix Mahuam {rPois rF-
                  | Str+3}
  3909 | D:6      | Reached XP level 8. HP: 52/74 MP: 7/7
  3911 | D:6      | Reached skill level 10 in Unarmed Combat
  3986 | D:6      | HP: 1/74 [orc warrior/+0 battleaxe (14)]
  3987 | D:6      | Mangled by an orc warrior

Illustrated notes

Levels and vault maps discovered:
D:1:      lightli_arrival_quake, layout_basic, minmay_misc_feat_encased
D:2:      layout_rooms, serial_corexii_hall, corexii_hall_statues_l,
          chequers_hall_statues_y, corexii_hall_statues_x,
          corexii_hall_statues_x, serial_shops, shop, uniq_jessica, uniq_terence
D:3:      layout_rooms, mainiacjoe_overflow_alcove_1, st_stairs_7, uniq_sigmund
D:4:      layout_rooms, minmay_temple_entry_enclosed_plants, serial_curves,
          eino_curves_03, eino_curves_02, uniq_duvessa
D:5:      layout_basic, dreamdust_wishing_well
D:6:      layout_layer_cave, vehumet_altar_wand_db, lightli_minifort
Temple:   nicolae_temple_hex_pool

Skill      XL: |  1  2  3  4  5  6  7  8 |
---------------+-------------------------+-----
Unarmed Combat | 4 5 6 8 9 10 | 10.3
Fighting       | |  2.4
Dodging        | |  2.4
Stealth        | |  1.0

Action                     |  1- 3 |  4- 6 |  7- 9 || total
---------------------------+-------+-------+-------++-------
  Melee: Unarmed           |    85 |    78 |    76 ||   239
         Punch             |     1 |     5 |     4 ||    10
    Use: Scroll            |       |     4 |       ||     4
         Potion            |       |       |     1 ||     1
   Stab: Sleeping          |     2 |     4 |     1 ||     7
 Armour: Robe              |    30 |    15 |    12 ||    57
  Dodge: Dodged            |    33 |    31 |    38 ||   102

Table legend: (Time is in decaauts)
 A = Elapsed time spent in this place.
 B = Non-inter-level travel time spent in this place.
 C = Inter-level travel time spent in this place.
 D = Time resting spent in this place.
 E = Time spent auto-exploring this place.
 F = Levels seen in this place.
 G = Mean time per level.
                   A        B        C        D        E       F      G
               +--------+--------+--------+--------+--------+-----+--------+
         Total |   3963 |   3800 |    163 |    119 |   2880 |   7 |  566.1 |
       Dungeon |   3868 |   3705 |    163 |    119 |   2818 |   6 |  644.7 |
        Temple |     94 |     94 |      0 |      0 |     62 |   1 |   94.0 |
               +--------+--------+--------+--------+--------+-----+--------+

Top non-repeatable levels by time:
     D:1: 1060 daAuts
     D:5: 903 daAuts
     D:2: 666 daAuts
     D:3: 564 daAuts
     D:4: 552 daAuts
     D:6: 121 daAuts
  Temple: 94 daAuts
